 Dungeon Crawl Stone Soup version 0.27-a0-58-g0ec5f8ab93 (webtiles) character file.

Game seed: 6949844620152762859

221 Descartes the Ducker (level 5, -5/25 HPs)
             Began as a Felid Monk on Jan 8, 2021.
             Slain by an ogre
             ... wielding a +0 giant spiked club
              (30 damage)
             ... on level 5 of the Dungeon.
             The game lasted 00:12:48 (5795 turns).

Descartes the Ducker (Felid Monk)                   Turns: 5795, Time: 00:12:49

Health: -5/25      AC:  2    Str:  9    XL:     5   Next: 65%
Magic:  6/6        EV: 22    Int: 12    God:
Gold:   322        SH:  0    Dex: 18    Spells: 4/4 levels left
                                        Lives:  0   Deaths: 1

rFire    . . .     SeeInvis +     - Unarmed
rCold    . . .     Faith    .   (shield unavailable)
rNeg     . . .     Spirit   .   (armour unavailable)
rPois    .         Reflect  .   (helmet unavailable)
rElec    .         Harm     .   (cloak unavailable)
rCorr    .         Rampage  .   (gloves unavailable)
Will     .....                  (boots unavailable)
Stlth    ++++......             p - amulet of the acrobat
HPRegen  0.08/turn              (no ring)
MPRegen  0.10/turn              (no ring)

@: quick
A: very small, no armour, no weapons or thrown items, stealth, claws 1, fangs 3,
see invisible, speed 1, shaggy fur 2, sharp paws
a: no special abilities


You were on level 5 of the Dungeon.
You visited 1 branch of the dungeon, and saw 5 of its levels.
You also visited: Sewer.

You collected 322 gold pieces.

Inventory:

Missiles
 f - 179 stones
 g - 19 arrows
Jewellery
 p - an amulet of the acrobat (around neck)
Wands
 q - a wand of polymorph (5)
Scrolls
 a - a scroll of immolation {unknown}
 b - 2 scrolls of enchant armour
 c - a scroll of random uselessness
 d - 2 scrolls of remove curse
 m - a scroll of magic mapping {unknown}
 n - 3 scrolls of teleportation
 r - a scroll of identify
 s - a scroll of noise {unknown}
Potions
 e - a potion of flight
 h - 3 potions of heal wounds
 i - a potion of magic {unknown}
 j - 3 potions of lignification
 k - a potion of berserk rage
 l - 3 potions of mutation
 o - 2 potions of brilliance


   Skills:
 + Level 3.6 Fighting
 + Level 6.3 Dodging
 + Level 6.1 Stealth
 + Level 4.8 Unarmed Combat


You had 4 spell levels left.
You didn't know any spells.
Your spell library was empty.

Dungeon Overview and Level Annotations

Branches:
Dungeon (5/15)              Sewer (visited)
 Temple: D:4-7

Altars:
Gozag
Qazlal

Shops:
D:5 *


Innate Abilities, Weirdness & Mutations

You cannot wear armour.
You are incapable of wielding weapons or throwing items.
Your paws allow you to move quietly. (Stealth)
You have sharp claws.
You have razor-sharp teeth.
You have supernaturally acute eyesight. (SInv)
You cover ground quickly.
You are covered in thick fur. (AC +2)
Your sharp claws are effective at attacking unaware monsters.


Message History

The quokka zombie is almost destroyed.
The quokka zombie closely misses you.
You scratch the quokka zombie.
You destroy the quokka zombie!
No target in view!
No target in view!
No target in view!
No target in view!
No target in view!
No target in view!
No target in view!
No target in view!
An ogre comes into view. It is wielding a +0 giant spiked club.
The ogre shouts!
Found a ring mail.
You scratch the ogre.
The ogre is lightly wounded.
The ogre hits you with a +0 giant spiked club!!
Ouch! That really hurt!
You die...

#..# ##..## #.######...#
##.##...##..##
#.......##...#
#.#......##..# [
##........##..## ...
#.........###..#
.....#.........# #..#
......O@.......# ##.##
...............# #..#
.....###.........###.###
..... ####........#..##
.... ##.........## ..
###.......# . ###.....#
# ###.... ## ##...


You could see an ogre.

Vanquished Creatures
  A water moccasin (D:5)
  A howler monkey (D:4)
  An iguana (D:4)
  2 worker ants
  The ghost of RamboRex the Chopper, a weakling MiBe of Trog (D:3)
  Robin (D:3)
  5 adders
  4 river rats (D:4)
  5 worms
  A leopard gecko (D:4)
  3 orcs (D:3)
  4 giant cockroaches
  7 goblins
  12 hobgoblins
  5 jackals
  5 ball pythons (Sewer)
  8 bats
  12 frilled lizards
  13 kobolds
  A quokka zombie (D:5)
  5 rats
97 creatures vanquished.

Vanquished Creatures (others)
  10 plants (Sewer)
10 creatures vanquished.

Grand Total: 107 creatures vanquished

Notes
Turn   | Place    | Note
-------+----------+-------------------------------------------
     0 | D:1      | Descartes the Felid Monk began the quest for the Orb.
     0 | D:1      | Reached XP level 1. HP: 10/10 MP: 2/2
   145 | D:1      | Reached XP level 2. HP: 14/14 MP: 3/3
   978 | D:2      | Reached XP level 3. HP: 6/17 MP: 4/4
  1745 | D:2      | Reached XP level 4. HP: 15/21 MP: 5/5
  2011 | D:2      | Reached skill level 5 in Dodging
  2561 | D:3      | Found a runed translucent gate.
  2562 | D:3      | Found a runed translucent gate.
  2562 | D:3      | Found an opulent altar of Gozag.
  2563 | D:3      | Found a runed translucent gate.
  2580 | D:3      | Noticed RamboRex's ghost (weakling MiBe)
  2828 | D:4      | Noticed Robin
  3178 | D:3      | Killed Robin
  3179 | D:3      | Reached XP level 5. HP: 15/24 MP: 6/6
  3483 | D:4      | Reached skill level 5 in Stealth
  3532 | D:4      | Found a glowing drain.
  3574 | Sewer    | Entered a sewer
  4760 | D:4      | Found a stormy altar of Qazlal.
  4881 | D:4      | Gained mutation: You are covered in thick fur. (AC +2)
                  | [Felid growth]
  4881 | D:4      | Reached XP level 6. HP: 20/28 MP: 7/7
  5377 | D:3      | Killed RamboRex's ghost
  5514 | D:5      | Entered Level 5 of the Dungeon
  5609 | D:5      | Found Tutagawo's Serpentskin Sales.
  5609 | D:5      | Noticed a water moccasin
  5629 | D:5      | Noticed a water moccasin
  5632 | D:5      | Killed a water moccasin
  5640 | D:5      | HP: 2/42 [adder (2)]
  5642 | D:5      | Succumbed to an adder's poison
  5643 | D:5      | Reached XP level 5. HP: 0/37 MP: 6/6
  5791 | D:5      | Noticed an ogre
  5795 | D:5      | Slain by an ogre

Illustrated notes

Levels and vault maps discovered:
D:1:      giann_bridges, layout_rooms
D:2:      layout_loops_corners
D:3:      layout_rooms, ebering_ghost_gozag, minmay_misc_feat_chi
D:4:      layout_basic, kennysheep_mini, lightli_sewer_entry_pipes, uniq_robin
D:5:      layout_cave_pods, temple_statues, guppyfry_shop_venom

Skill      XL: |  1  2  3  4  5  6 |
---------------+-------------------+-----
Stealth        | 3 4 5 6 |  6.1
Dodging        | 5 6 |  6.3
Unarmed Combat | 4 |  4.8
Fighting       | |  3.6

Action                   |  1- 3 |  4- 6 || total
-------------------------+-------+-------++-------
Melee: Unarmed           |    94 |   288 ||   382
       Bite              |    11 |    15 ||    26
       Punch             |     1 |     3 ||     4
  Use: Scroll            |       |    13 ||    13
       Potion            |       |     4 ||     4
 Stab: Sleeping          |     9 |    13 ||    22
       Distracted        |       |     1 ||     1
Armor: Skin              |     2 |    11 ||    13
Dodge: Dodged            |    55 |   269 ||   324

Table legend: (Time is in decaauts)
 A = Elapsed time spent in this place.
 B = Non-inter-level travel time spent in this place.
 C = Inter-level travel time spent in this place.
 D = Time resting spent in this place.
 E = Time spent auto-exploring this place.
 F = Levels seen in this place.
 G = Mean time per level.
                   A        B        C        D        E       F      G
               +--------+--------+--------+--------+--------+-----+--------+
         Total |   5345 |   5152 |    193 |    340 |   3887 |   6 |  890.8 |
       Dungeon |   4239 |   4046 |    193 |     94 |   3249 |   5 |  847.8 |
         Sewer |   1105 |   1105 |      0 |    246 |    637 |   1 | 1105.0 |
               +--------+--------+--------+--------+--------+-----+--------+

Top non-repeatable levels by time:
     D:2: 1533 daAuts
     D:4: 1111 daAuts
   Sewer: 1105 daAuts
     D:3: 861 daAuts
     D:1: 499 daAuts
     D:5: 234 daAuts
